[Event "Team 45 45 League T100"]
[Site "Internet Chess Club"]
[Date "2024.06.14"]
[Round "5"]
[White "Ostap-Bender"]
[Black "Toalla"]
[Result "1/2-1/2"]
[WhiteElo "1249"]
[BlackElo "1091"]
[Opening "Queen's pawn game"]
[ECO "E10"]
[Time "13:00:53"]
[PlyCount "86"]
[TimeControl "2700+45"]

1. d4 Nf6 2. c4 e6 3. Nf3 d5 4. cxd5 exd5 5. Nc3 Bb4 6. Qb3 Nc6 7. a3 Ba5 8. e3
a6 9. Bd3 O-O 10. O-O Re8 11. Bd2 Bb6 12. Rfe1 h6 13. h3 Be6 14. Rac1 Rc8 15.
Na4 Ne4 16. Nxb6 Nxd2 17. Nxd2 cxb6 18. Qd1 Qf6 19. Nf3 Bf5 20. b4 b5 21. Bxf5
Qxf5 22. Rc2 Ne7 23. Ree2 Ng6 24. Rc5 b6 25. Rcc2 Rc4 26. Rxc4 bxc4 27. Rc2 b5
28. Rc3 Qe4 29. Qc2 Qxc2 30. Rxc2 f6 31. Kf1 f5 32. g3 Ne7 33. Ne5 Rc8 34. Rc3
Rc7 35. f4 Nc8 36. Nf3 Nd6 37. Nd2 Kf7 38. Ke2 Kf6 39. Kf3 g5 40. Kf2 h5 41.
fxg5+ Kxg5 42. Kf3 Rg7 43. h4+ Kf6 {Game drawn by mutual agreement} 1/2-1/2

[Event "Team 45 45 League T100"]
[Site "Internet Chess Club"]
[Date "2024.06.14"]
[Round "5"]
[White "WzeroMN"]
[Black "stantheman59"]
[Result "0-1"]
[WhiteElo "923"]
[BlackElo "1195"]
[Opening "Caro-Kann: advance variation"]
[ECO "B12"]
[Time "16:05:37"]
[PlyCount "20"]
[TimeControl "2700+45"]

1. e4 c6 2. d4 d5 3. e5 c5 4. c3 Nc6 5. Nf3 Bf5 6. Bd3 e6 7. Bg5 f6 8. exf6 gxf6
9. Be3 Qb6 10. Qb3 Bxd3 {White resigns} 0-1

[Event "Team 45 45 League T100"]
[Site "Internet Chess Club"]
[Date "2024.06.15"]
[Round "5"]
[White "rkjulianjr"]
[Black "garytd"]
[Result "0-1"]
[WhiteElo "1249"]
[BlackElo "1527"]
[Opening "Nimzo-Indian: 4.e3, Bronstein (Byrne) variation"]
[ECO "E45"]
[Time "15:01:50"]
[PlyCount "72"]
[TimeControl "2700+45"]

1. d4 Nf6 2. c4 e6 3. Nc3 Bb4 4. e3 b6 5. Ne2 Ba6 6. a3 Bxc3+ 7. Nxc3 O-O 8. Bd3
d5 9. Qe2 Nc6 10. b4 dxc4 11. Bxc4 Bxc4 12. Qxc4 Qd7 13. O-O Rfe8 14. Rd1 a5 15.
Bb2 Nd5 16. Rdc1 Nce7 17. b5 Rac8 18. Rd1 c5 19. Nxd5 exd5 20. Qe2 c4 21. a4 Qe6
22. Rac1 Nf5 23. Re1 Qd6 24. Rc3 Qg6 25. f3 Nxd4 26. Qf2 Ne6 27. Rc2 Nc5 28. Ra1
Nd3 29. Qd2 Nxb2 30. Rxb2 c3 31. Qf2 cxb2 32. Qxb2 Rxe3 33. Rc1 Rxc1+ 34. Qxc1
Re8 35. Qc6 Qxc6 36. bxc6 Rc8 {White resigns} 0-1

[Event "Team 45 45 League T100"]
[Site "Internet Chess Club"]
[Date "2024.06.17"]
[Round "5"]
[White "Visin"]
[Black "Fulmar"]
[Result "0-1"]
[WhiteElo "1194"]
[BlackElo "1425"]
[Opening "French: Rubinstein variation"]
[ECO "C10"]
[Time "12:08:24"]
[PlyCount "81"]
[TimeControl "2700+45"]

1. e4 e6 2. d4 d5 3. Nc3 dxe4 4. Nxe4 Nd7 5. Bc4 Ngf6 6. Ng3 Be7 7. Nf3 O-O 8.
O-O b6 9. Bd3 Bb7 10. c3 c5 11. Be3 Rc8 12. h3 Qc7 13. Qe1 Bxf3 14. gxf3 Nd5 15.
Bd2 Nf4 16. Bxf4 Qxf4 17. Qe4 Qxe4 18. fxe4 Nf6 19. Rac1 Rfd8 20. Ba6 Rc7 21.
Rfd1 cxd4 22. cxd4 Rxd4 23. Rxc7 Rxd1+ 24. Kg2 Rd7 25. Rc8+ Rd8 26. Rc7 Bd6 27.
Rxa7 Bxg3 28. fxg3 Nxe4 29. Kf3 f5 30. Rb7 Ng5+ 31. Ke2 Rd6 32. h4 Ne4 33. Rb8+
Kf7 34. Rb7+ Kf6 35. Rc7 Rd2+ 36. Ke3 Rxb2 37. g4 Nc5 38. Bc4 fxg4 39. Kf4 Rb4
40. Kxg4 Rxc4+ 41. Kg3 {White resigns} 0-1

[Event "Team 45 45 League T100"]
[Site "Internet Chess Club"]
[Date "2024.06.13"]
[Round "5"]
[White "Reykjaviking"]
[Black "ticktockman"]
[Result "1-0"]
[WhiteElo "1285"]
[BlackElo "1126"]
[Opening "Queen's pawn: English defense"]
[ECO "A40"]
[Time "11:01:46"]
[PlyCount "67"]
[TimeControl "2700+45"]

1. d4 b6 2. Nf3 Bb7 3. Bf4 d5 4. e3 e6 5. Nbd2 Nc6 6. c3 h6 7. Bd3 g5 8. Bg3 Bd6
9. Bb5 Bxg3 10. Bxc6+ Bxc6 11. hxg3 Bb7 12. Ne5 Ne7 13. Qf3 Rf8 14. Rxh6 Qd6 15.
c4 O-O-O 16. Nxf7 dxc4 17. Nxd6+ cxd6 18. Qe2 b5 19. e4 Rf7 20. g4 Rdf8 21. f3
Ng8 22. Rxe6 Kd7 23. d5 Bc8 24. e5 Kc7 25. exd6+ Kb7 26. O-O-O Bxe6 27. dxe6 Rf6
28. Qe4+ Ka6 29. Qc6+ Ka5 30. Nxc4+ Kb4 31. Na3 Rxe6 32. Qc3+ Ka4 33. Rd4+ b4
34. Qxb4# {Black checkmated} 1-0